 Dungeon Crawl Stone Soup version 0.19.1 (webtiles) character file.

763 ChaseSP the Cleaver (level 8, -2/58 HPs)
             Began as a Formicid Fighter on Nov 27, 2016.
             Slain by a howler monkey (6 damage)
             ... on level 4 of the Dungeon.
             The game lasted 00:05:02 (2949 turns).

ChaseSP the Cleaver (Formicid Fighter)              Turns: 2949, Time: 00:05:03

Health: -2/58      AC: 12    Str: 23    XL:     8   Next: 8%
Magic:  8/8        EV:  6    Int:  7    God:
Gold:   94         SH:  9    Dex: 11    Spells: 0 memorised, 7 levels left

rFire  . . .     SeeInvis +     a - +0 war axe
rCold  . . .     Gourm    .     i - +0 chain mail
rNeg   . . .     Faith    .     c - +0 shield
rPois  .         Spirit   .     (helmet unavailable)
rElec  .         Reflect  .     n - +2 cloak
rCorr  .         Harm     .     (no gloves)
MR     .....                    (no boots)
Stlth  ..........               (no amulet)
                                (no ring)
                                (no ring)

@: no status effects
A: permanent stasis, dig shafts and tunnels, four strong arms, antennae 3
a: Dig, Shaft Self


You were on level 4 of the Dungeon.
You were not hungry.

You visited 1 branch of the dungeon, and saw 4 of its levels.

You collected 94 gold pieces.

Inventory:

Hand Weapons
 a - a +0 war axe (weapon)
 h - a +0 mace
Armour
 c - a +0 shield (worn)
 i - a +0 chain mail (worn)
 n - a +2 cloak (worn)
Jewellery
 o - an uncursed ring of positive energy {unknown}
 r - an uncursed ring of fire
Wands
 d - a wand of polymorph (10/24)
 q - a wand of random effects (13/48)
Scrolls
 b - a scroll of identify
 e - 2 scrolls of magic mapping
 u - a scroll of fog {unknown}
Potions
 p - a potion of mutation {unknown}
 t - a potion of curing {unknown}
 v - a potion of flight {unknown}
 x - a potion of might
Comestibles
 f - 4 bread rations
 g - a slice of pizza
 j - 4 beef jerkies
 l - a chunk of flesh
 m - 2 meat rations


   Skills:
 - Level 3.2 Fighting
 + Level 8.7 Axes
 - Level 3.2 Armour
 - Level 3.6 Shields


You had 7 spell levels left.
You didn't know any spells.

Dungeon Overview and Level Annotations

Branches:
Dungeon (4/15)
 Temple: D:4-7

Altars:
Ashenzari
Elyvilon
Qazlal


Innate Abilities, Weirdness & Mutations

You are under a permanent stasis effect.
You can dig through walls and to a lower floor.
Your four strong arms can wield two-handed weapons with a shield.
You have a pair of large antennae on your head. (SInv)


Message History

Menkaure is severely damaged.
Your shield and chain mail prevent you from hitting the howler monkey.
Menkaure closely misses you. You block the howler monkey's attack.
You slash Menkaure!
You destroy Menkaure!
You have reached level 8!
You feel stronger.
You hit the howler monkey but do no damage.
The howler monkey barely misses you.
You hit the hound.
The hound is moderately wounded.
You closely miss the howler monkey. The hound bites you but does no damage.
The howler monkey completely misses you.
You block the hound's attack.
You slash the hound!
You kill the hound!
You hit the howler monkey.
The howler monkey hoots and howls with incredible vigour!
The howler monkey hits you.
You die...

########.####.####..
#....^.....)#
#..........##
#####.###..#.#.#
#..........###..
#..##.####.###.#
.########...#.# #....##
......†...#...# #.#.##
######@.###..####.#.###
#######h†##
##..#........
........## ##.#.###.###
#######..# ##..#.#
#.### ##..+##.....#
#.... #!.#......#######
#.........#...# #
#.<.{.........# #
#....h........###


You could see a howler monkey.

Vanquished Creatures
  Grinder (D:3)
  Sigmund (D:3)
  Menkaure (D:4)
  A scorpion (D:3)
  Crazy Yiuf (D:3)
  A hound (D:4)
  Jessica (D:3)
  Terence (D:3)
  6 adders
  An ooze (D:3)
  A worm (D:2)
  2 dart slugs (D:1)
  A leopard gecko (D:2)
  7 orcs
  2 giant cockroaches (D:3)
  4 goblins (D:2)
  10 hobgoblins
  3 jackals (D:3)
  4 kobolds
  2 quokkas (D:3)
  13 bats
  A frilled lizard (D:1)
  6 rats
71 creatures vanquished.

Notes
Turn   | Place    | Note
-------+----------+-------------------------------------------
     0 | D:1      | ChaseSP the Formicid Fighter began the quest for the Orb.
     0 | D:1      | Reached XP level 1. HP: 18/18 MP: 1/1
    60 | D:1      | Found a shattered altar of Ashenzari.
   295 | D:1      | Reached XP level 2. HP: 23/24 MP: 2/2
   515 | D:1      | Reached skill level 3 in Axes
   718 | D:2      | Reached XP level 3. HP: 26/29 MP: 3/3
  1618 | D:2      | Reached skill level 4 in Axes
  1618 | D:2      | Reached XP level 4. HP: 35/35 MP: 4/4
  1985 | D:3      | Noticed Grinder
  2001 | D:3      | Killed Grinder
  2001 | D:3      | Reached skill level 6 in Axes
  2001 | D:3      | Reached XP level 5. HP: 30/41 MP: 5/5
  2001 | D:3      | Reached XP level 6. HP: 34/47 MP: 6/6
  2083 | D:3      | Noticed Terence
  2091 | D:3      | Killed Terence
  2120 | D:3      | Found a white marble altar of Elyvilon.
  2200 | D:3      | Noticed Sigmund
  2207 | D:3      | Noticed Jessica
  2246 | D:3      | Killed Jessica
  2246 | D:3      | Reached skill level 7 in Axes
  2246 | D:3      | Reached XP level 7. HP: 52/52 MP: 7/7
  2259 | D:3      | Killed Sigmund
  2400 | D:3      | Found a runed door.
  2746 | D:3      | Noticed Crazy Yiuf
  2751 | D:3      | Killed Crazy Yiuf
  2751 | D:3      | Reached skill level 8 in Axes
  2893 | D:4      | Found a stormy altar of Qazlal.
  2933 | D:4      | Noticed Menkaure
  2941 | D:4      | HP: 2/52 [Menkaure (18)]
  2947 | D:4      | Killed Menkaure
  2947 | D:4      | Reached XP level 8. HP: 4/58 MP: 8/8
  2949 | D:4      | Slain by a howler monkey

Skill      XL: |  1  2  3  4  5  6  7 |
---------------+----------------------+-----
Axes           | 3 4 6 7 8 |  8.7
Fighting       | |  3.2
Armour         | |  3.2
Shields        | |  3.6

Action                   |  1- 3 |  4- 6 |  7- 9 || total
-------------------------+-------+-------+-------++-------
Melee: War axe           |   100 |    68 |    69 ||   237
 Abil: Dig               |     3 |     3 |       ||     6
  Use: Potion            |       |     2 |     2 ||     4
       Scroll            |       |       |     6 ||     6
  Eat: Chunk             |     2 |     3 |     2 ||     7
Armor: Scale mail        |    14 |       |       ||    14
       Chain mail        |    39 |    39 |    22 ||   100
       Skin              |       |       |     3 ||     3
Dodge: Dodged            |    24 |    21 |    19 ||    64
Block: Shield            |    50 |    40 |    26 ||   116
